 Dungeon Crawl Stone Soup version 0.27-a0-906-g0a00ce863d (webtiles) character file.

Game seed: 8108810367757335182

247 jestyr24 the Conjurer (level 5, -3/36 HPs)
             Began as a Demonspawn Conjurer on Apr 6, 2021.
             Slain by Sigmund
             ... wielding a +2 scythe of venom
              (13 damage)
             ... on level 2 of the Dungeon.
             The game lasted 00:12:22 (2878 turns).

jestyr24 the Conjurer (Demonspawn Conjurer)         Turns: 2878, Time: 00:12:22

Health: -3/36      AC:  4    Str:  7    XL:     5   Next: 85%
Magic:  5/9        EV: 12    Int: 21    God:
Gold:   18         SH:  0    Dex: 11    Spells: 7/10 levels left

rFire    . . .     SeeInvis .   e - +3 short sword
rCold    . . .     Faith    .   (no shield)
rNeg     . . .     Spirit   .   f - +1 leather armour
rPois    .         Reflect  .   (no helmet)
rElec    .         Harm     .   (no cloak)
rCorr    .         Rampage  .   (no gloves)
Will     .....                  (no boots)
Stlth    ++........             (no amulet)
HPRegen  0.12/turn              (no ring)
MPRegen  0.11/turn              (no ring)

@: lethally poisoned (-3 -> -17)
A: hooves 1, sturdy frame 1
a: no special abilities


You were on level 2 of the Dungeon.
You visited 1 branch of the dungeon, and saw 3 of its levels.

You collected 18 gold pieces.

Inventory:

Hand Weapons
 c - a +0 dagger
 e - a +3 short sword (weapon)
Missiles
 b - 18 arrows
Armour
 a - a +0 robe
 f - a +1 leather armour (worn)
Potions
 g - a potion of curing {unknown}


   Skills:
 + Level 0.8 Fighting
 + Level 0.8 Short Blades
 * Level 0.3 Armour
 + Level 2.5 Dodging
 + Level 2.0 Stealth
 + Level 3.2 Spellcasting
 + Level 5.7 Conjurations


You had 7 spell levels left.
You knew the following spells:

 Your Spells              Type           Power      Damage    Failure   Level
a - Magic Dart            Conj           100%       1d8       1%          1
b - Searing Ray           Conj           54%        3d5       1%          2

Your spell library contained the following spells:

 Spells                   Type           Power      Damage    Failure   Level
 Dazzling Flash           Conj/Hex       30%        N/A       13%         3
 Fulminant Prism          Conj/Hex       7%         3d7       38%         4
 Iskenderun's Mystic Bla  Conj/Tloc      15%        2d5       38%         4


Dungeon Overview and Level Annotations

Branches:
Dungeon (3/15)

Altars:
Ru

Shops:
D:1 :

Annotations:
D:2 Sigmund
D:3 Robin


Innate Abilities, Weirdness & Mutations

You have large cloven feet.
Your movements are slightly less encumbered by armour. (ER -2)


Message History

You climb upwards.
Level annotation: Sigmund
There is a stone staircase leading down here.
You start resting.
Sigmund is nearby!
Sigmund casts a spell at you. The magic dart hits you.
Sigmund casts a spell at you.
You are confused.
Sigmund casts a spell at you. The puff of flame hits you.
You're too confused to move!
You feel less confused.
Sigmund says, "Your kind have come here before.
I understand now why.
You desire death..."
Sigmund screams, "Don't try to resist!"
Sigmund casts a spell at you. You resist with some effort.
Sigmund gestures at you while chanting. The puff of flame misses you.
Sigmund gestures at you while chanting.
You are confused.
You bump into the rock wall.
You feel less confused.
Casting: Searing Ray (safe; 1% risk of failure)
Confirm with . or Enter, or press ? or * to list all spells.
Aiming: Searing Ray (safe; 1% risk of failure)
Press: ? - help, Shift-Dir - straight line, f - Sigmund
Aim: Sigmund, wielding a +2 scythe of venom and wearing a +2 robe of resistance (23% to evade)
The searing ray hits Sigmund!
Sigmund is moderately wounded. (Press . to maintain the ray.) Sigmund hits you from afar with a +2 scythe of venom!
You are lethally poisoned!
As you read the scroll labelled WOIMNE KIAP, it crumbles to dust.
It is a scroll of enchant armour.
Your +0 leather armour glows green for a moment.
* * * LOW HITPOINT WARNING * * *
You feel very sick.
Sigmund hits you from afar with a +2 scythe of venom!
You die...

#####..###.####..##...
#....<.# #.###..÷>....
#.###[## #.##.........
#.# #÷#.#.......# #.#
#...........# #[#
###.#.......# #.#
##........# #.#
##.......#
#@#########.#.####
#..@........#.#
#############.# .≈ ♣≈
P≈ ≈≈


You could see Sigmund.

Vanquished Creatures
  A black bear (D:2)
  An orc priest (D:2)
  Jessica (D:2)
  An orc wizard (D:2)
  An adder (D:2)
  3 orcs (D:2)
  3 ball pythons
  2 endoplasms (D:1)
  A giant cockroach (D:1)
  3 goblins (D:1)
  6 hobgoblins
  8 jackals
  2 quokkas
  5 bats
  5 frilled lizards
  4 kobolds
  6 rats
53 creatures vanquished.

Vanquished Creatures (others)
  11 plants (D:2)
11 creatures vanquished.

Grand Total: 64 creatures vanquished

Notes
Turn   | Place    | Note
-------+----------+-------------------------------------------
     0 | D:1      | jestyr24 the Demonspawn Conjurer began the quest for the
                  | Orb.
     0 | D:1      | Reached XP level 1. HP: 13/13 MP: 3/3
   511 | D:1      | Gained mutation: You have large cloven feet. [demonic
                  | ancestry]
   511 | D:1      | Reached XP level 2. HP: 19/19 MP: 0/5
  1086 | D:1      | Reached XP level 3. HP: 10/24 MP: 1/6
  1304 | D:1      | Found Qouqeuh's Book Boutique.
  1315 | D:1      | Learned a level 2 spell: Searing Ray
  1806 | D:2      | Reached skill level 5 in Conjurations
  1807 | D:2      | Reached XP level 4. HP: 30/30 MP: 1/7
  1954 | D:2      | Noticed a black bear
  1966 | D:2      | Killed a black bear
  1967 | D:2      | Gained mutation: Your movements are slightly less
                  | encumbered by armour. (ER -2) [demonic ancestry]
  1967 | D:2      | Reached XP level 5. HP: 18/36 MP: 1/9
  2307 | D:2      | Noticed Jessica
  2310 | D:2      | Killed Jessica
  2480 | D:2      | Noticed Sigmund
  2574 | D:3      | Found a sacrificial altar of Ru.
  2816 | D:3      | Noticed Robin
  2878 | D:2      | Slain by Sigmund

Illustrated notes

Levels and vault maps discovered:
D:1:      dpeg_arrival_round_b, layout_basic, serial_shops, shop_statue
D:2:      layout_loops_ring, ebering_ecumenical_altar_sacrificial,
          serial_bayou_ford_a, uniq_jessica, uniq_sigmund
D:3:      layout_basic, nicolae_ru_sacrificial_ziggurat, uniq_natasha,
          uniq_robin

Skill      XL: |  1  2  3  4  5 |
---------------+----------------+-----
Dodging        | 2 |  2.5
Conjurations   | 5 |  5.7
Spellcasting   | 3 |  3.2
Stealth        | 2 |  2.0
Fighting       | |  0.8
Short Blades   | |  0.8
Armour         | |  0.3

Action                   |  1- 3 |  4- 6 || total
-------------------------+-------+-------++-------
Melee: Dagger            |    31 |       ||    31
       Kick              |     3 |       ||     3
 Cast: Magic Dart        |    51 |    28 ||    79
       Searing Ray       |     5 |     9 ||    14
  Use: Potion            |     1 |       ||     1
       Scroll            |       |     1 ||     1
Armor: Robe              |     4 |       ||     4
Dodge: Dodged            |    32 |     3 ||    35

Table legend: (Time is in decaauts)
 A = Elapsed time spent in this place.
 B = Non-inter-level travel time spent in this place.
 C = Inter-level travel time spent in this place.
 D = Time resting spent in this place.
 E = Time spent auto-exploring this place.
 F = Levels seen in this place.
 G = Mean time per level.
                   A        B        C        D        E       F      G
               +--------+--------+--------+--------+--------+-----+--------+
         Total |   2879 |   2684 |    195 |   1233 |   1056 |   3 |  959.7 |
       Dungeon |   2879 |   2684 |    195 |   1233 |   1056 |   3 |  959.7 |
               +--------+--------+--------+--------+--------+-----+--------+

Top non-repeatable levels by time:
     D:1: 2171 daAuts
     D:2: 363 daAuts
     D:3: 343 daAuts
